 Dungeon Crawl Stone Soup version 0.22-a0-192-g6ffc940 (console) character file.

4580 toffzen the Grappler (level 10, 0/97 (98) HPs)
             Began as a Troll Transmuter on Feb 16, 2018.
             Was a Priest of Okawaru.
             Slain by Grum
             ... wielding a -1 halberd of venom
              (23 damage)
             ... on level 9 of the Dungeon.
             The game lasted 00:17:02 (6796 turns).

toffzen the Grappler (Troll Transmuter)             Turns: 6796, Time: 00:17:03

HP:   0/97 (98)     AC:  7    Str: 20    XL:     10   Next: 18%
MP:   11/12         EV: 16    Int:  9    God:    Okawaru [***...]
Gold: 262           SH:  0    Dex: 13    Spells: 10/11 levels left

rFire    . . .     SeeInvis .     - Unarmed
rCold    . . .     Gourm    +   (no shield)
rNeg     . . .     Faith    .   b - +1 robe
rPois    .         Spirit   .   (helmet restricted)
rElec    .         Reflect  .   C - +0 cloak
rCorr    .         Harm     .   (gloves unavailable)
MR       .....                  (boots unavailable)
Stlth    +++.......             (no amulet)
HPRegen  0.66/turn              (no ring)
MPRegen  0.13/turn              (no ring)

@: lethally poisoned (0 -> -4), heroism, hasted, very quick
A: large, unfitting armour, claws 3, fast metabolism 3, gourmand, regeneration
1, shaggy fur 1, tough skin 2
a: Heroism, Renounce Religion


You were on level 9 of the Dungeon.
You worshipped Okawaru.
Okawaru was most pleased with you.
You were very full.

You visited 1 branch of the dungeon, and saw 9 of its levels.

You collected 422 gold pieces.
You spent 160 gold pieces at shops.

Inventory:

Missiles
 a - 166 arrows
 j - 299 stones
 l - 4 throwing nets
 x - 3 large rocks (quivered)
Armour
 b - a +1 robe (worn)
 C - a +0 cloak (worn)
Wands
 h - a wand of flame (40)
 n - a wand of polymorph (11)
 s - a wand of scattershot (7)
 A - a wand of enslavement (8)
Scrolls
 e - 4 scrolls of teleportation
 f - 3 scrolls of enchant armour
 g - a scroll of enchant weapon
 i - 2 scrolls of amnesia {unknown}
 o - a scroll of torment {unknown}
 r - 3 scrolls of fear
 u - 2 scrolls of fog
 v - 3 scrolls of remove curse {unknown}
 w - 2 scrolls of immolation {unknown}
 y - a scroll of blinking {unknown}
Potions
 k - 2 potions of brilliance
 q - 3 potions of curing
 t - 3 potions of degeneration
 z - 2 potions of ambrosia {unknown}
Books
 c - a book of Changes

   Spells                             Type                      Level
   a - Beastly Appendage              Transmutation                1
   b - Sticks to Snakes               Transmutation                2
   c - Spider Form                    Transmutation/Poison         3
   d - Ice Form                       Ice/Transmutation            4
   e - Blade Hands                    Transmutation                5
 m - a book of Air

   Spells                             Type                      Level
   a - Shock                          Conjuration/Air              1
   b - Swiftness                      Charms/Air                   2
   c - Static Discharge               Conjuration/Air              3
   d - Airstrike                      Air                          4
   e - Lightning Bolt                 Conjuration/Air              5
 p - a book of Minor Magic

   Spells                             Type                      Level
   a - Magic Dart                     Conjuration                  1
   b - Blink                          Translocation                2
   c - Call Imp                       Summoning                    2
   d - Slow                           Hexes                        2
   e - Conjure Flame                  Conjuration/Fire             3
   f - Mephitic Cloud                 Conjuration/Poison/Air       3
Comestibles
 d - 21 rations


   Skills:
 + Level 5.9(10.9) Fighting
 + Level 6.1(11.1) Dodging
 * Level 10.4(15.4) Unarmed Combat
 - Level 1.2 Spellcasting
 - Level 1.3 Transmutations
 + Level 4.2 Invocations


You had 10 spell levels left.
You knew the following spells:

 Your Spells              Type           Power        Failure   Level  Hunger
a - Beastly Appendage     Tmut           #.....       21%         1    ##.....


Dungeon Overview and Level Annotations

Branches:
Dungeon (9/15)             Temple (0/1) D:6
   Lair: D:8-11         Orc: D:9-12

Altars:
Cheibriados
Elyvilon
Fedhas
Hepliaklqana
Makhleb
Nemelex Xobeh
Okawaru
Ru
Trog
Wu Jian
Xom

Shops:
D:8 *:?%

Annotations:
D:6 2 transporters
D:9 2 runed doors, Grum


Innate Abilities, Weirdness & Mutations

You are too large for most types of armour.
You have claws for hands.
Your metabolism is lightning-fast.
You like to eat raw meat.
Your natural rate of healing is unusually fast.
You are covered in fur. (AC +1)
You have very tough skin. (AC +2)


Message History

You kill the wolf!
Okawaru accepts your kill. Grum hits you with a halberd of venom!
You are poisoned.
Things that are here:
a wolf corpse x2
You mangle Grum!!
Grum is heavily wounded.
You feel sick. Grum misses you.
You closely miss Grum.
Grum is heavily wounded.
You feel sick.
You barely miss Grum.
Grum is heavily wounded.
You feel sick. Grum hits you with a halberd of venom!
* * * LOW HITPOINT WARNING * * *
You are more poisoned.
You feel yourself speed up.
You feel sick. Grum hits you with a halberd of venom!!
You die...

#[....#+#. ..#
#...###
########.###
.........#
###.###.##
#..# #.## #.+
#@## #.g#
##.## #.###..#
#......###
...)####...###
.. ###...#
##......#
.######


You could see Grum.

Vanquished Creatures
  A two-headed ogre (D:8)
  Erica (D:8)
  A hungry ghost (D:7)
  2 water moccasins
  An orc warrior (D:8)
  A sky beast (D:8)
  2 ogres
  A necrophage (D:7)
  A phantom (D:4)
  3 wolves (D:9)
  4 centaurs
  Blork the orc (D:6)
  A big kobold (D:8)
  2 bullfrogs
  9 killer bees
  2 howler monkeys
  A bullfrog zombie (D:7)
  3 crimson imps
  3 hounds
  A quasit (D:6)
  A centaur zombie (D:7)
  A centaur skeleton (D:4)
  A jelly (D:8)
  4 orc priests
  4 orc wizards
  A bullfrog skeleton (D:9)
  3 iguanas
  A worker ant (D:6)
  A hound skeleton (D:6)
  A howler monkey zombie (D:7)
  11 adders
  11 gnolls
  A shadow imp (D:5)
  2 oozes
  9 worms
  2 dart slugs
  4 leopard geckos
  50 orcs
  5 bats
  7 giant cockroaches
  9 goblins
  4 hobgoblins
  10 jackals
  11 kobolds
  3 quokkas
  2 ball pythons
  4 frilled lizards
  A jackal skeleton (D:4)
  4 rats
209 creatures vanquished.

Notes
Turn   | Place    | Note
-------+----------+-------------------------------------------
     0 | D:1      | toffzen the Troll Transmuter began the quest for the Orb.
     0 | D:1      | Reached XP level 1. HP: 18/18 MP: 1/1
   326 | D:1      | Reached skill level 1 in Fighting
   334 | D:1      | Reached XP level 2. HP: 25/27 MP: 2/2
  1009 | D:2      | Reached skill level 4 in Unarmed Combat
  1009 | D:2      | Reached XP level 3. HP: 28/33 MP: 3/3
  1061 | D:2      | Reached XP level 4. HP: 32/41 MP: 4/4
  1790 | D:2      | Found a faded altar of an unknown god.
  1883 | D:2      | Found an ornate altar of the Wu Jian Council.
  2051 | D:3      | Found a bloodstained altar of Trog.
  2086 | D:3      | Reached XP level 5. HP: 46/49 MP: 5/5
  2614 | D:3      | Reached skill level 5 in Unarmed Combat
  2842 | D:4      | Noticed a water moccasin
  2849 | D:4      | Killed a water moccasin
  2849 | D:4      | Reached XP level 6. HP: 43/59 MP: 6/6
  3175 | D:4      | Reached skill level 6 in Unarmed Combat
  3175 | D:4      | Reached XP level 7. HP: 67/67 MP: 7/7
  3421 | D:5      | Entered Level 5 of the Dungeon
  3832 | D:5      | Found an iron altar of Okawaru.
  3846 | D:5      | Became a worshipper of Warmaster Okawaru
  3968 | D:5      | Reached skill level 7 in Unarmed Combat
  4391 | D:6      | Noticed Blork the orc
  4408 | D:6      | Reached XP level 8. HP: 75/78 MP: 8/8
  4419 | D:6      | Killed Blork the orc
  4422 | D:6      | Reached * piety under Okawaru
  4488 | D:6      | Found a staircase to the Ecumenical Temple.
  4545 | D:6      | Found a transporter.
  4549 | D:6      | Noticed a kobold demonologist
  4564 | D:6      | Found a transporter.
  4570 | D:6      | Noticed a kobold demonologist
  4616 | D:6      | Reached skill level 8 in Unarmed Combat
  4706 | D:6      | Reached skill level 1 in Invocations
  4979 | D:7      | Found a burning altar of Makhleb.
  5090 | D:7      | Found a sparkling altar of Nemelex Xobeh.
  5294 | D:7      | Found an ornate altar of the Wu Jian Council.
  5296 | D:7      | Found a burning altar of Makhleb.
  5296 | D:7      | Found a hazy altar of Hepliaklqana.
  5298 | D:7      | Found a white marble altar of Elyvilon.
  5298 | D:7      | Found a blossoming altar of Fedhas.
  5298 | D:7      | Found a shimmering altar of Xom.
  5319 | D:7      | Found a sacrificial altar of Ru.
  5417 | D:7      | Reached ** piety under Okawaru
  5420 | D:7      | Reached XP level 9. HP: 52/84 MP: 6/9
  5422 | D:7      | Reached skill level 5 in Dodging
  5516 | D:7      | Found a snail-covered altar of Cheibriados.
  5519 | D:7      | Found a hazy altar of Hepliaklqana.
  5522 | D:7      | Found a shimmering altar of Xom.
  5634 | D:8      | Reached skill level 9 in Unarmed Combat
  5683 | D:8      | Noticed Erica
  5694 | D:8      | Killed Erica
  5694 | D:8      | Reached skill level 5 in Fighting
  6093 | D:8      | Found Jiprarui's Food Shoppe.
  6216 | D:8      | Found Buwnyiwk's Magic Scroll Shop.
  6263 | D:8      | Found Qegidack's General Store.
  6271 | D:8      | Found Uqisiheu's Book Shoppe.
  6272 | D:8      | Bought a potion of haste for 160 gold pieces
  6340 | D:8      | Reached skill level 10 in Unarmed Combat
  6504 | D:8      | Noticed a two-headed ogre
  6510 | D:8      | Killed a two-headed ogre
  6510 | D:8      | Reached *** piety under Okawaru
  6510 | D:8      | Reached XP level 10. HP: 44/97 MP: 8/12
  6750 | D:9      | Found a runed door.
  6764 | D:9      | Found a runed door.
  6773 | D:9      | Noticed Grum
  6796 | D:9      | Slain by Grum

Vault maps used:
D:1:      saegor_arrival_simple_b
D:2:      lemuel_upstairs_altar, lemuel_crystal_altar, first_ration,
          chequers_ecumenical_altar_grove
D:3:      bloody_trog, minmay_checkerbox
D:4:      kennysheep_generic_room_10
D:5:      okawaru_gym_becter
D:6:      gammafunk_wand_slinger, minmay_temple_entry_statues_pillars,
          uniq_blork_the_orc
D:7:      grunt_temple_overflow_diamond, bloody_makhleb, lemuel_doored_altar,
          nemelex_xobeh_ov_fountains_minmay, doesnt_xom_only_xom
D:8:      serial_shops, kennysheep_mini, shop, nicolae_shop_window_shopping,
          shop_statue, blue_anna_alchemist, kennysheep_generic_room_14,
          uniq_erica
D:9:      kennysheep_mini_moat, minmay_statue_crystal_thing, uniq_grum

Skill      XL: |  1  2  3  4  5  6  7  8  9 |
---------------+----------------------------+-----
Fighting       | 1 2 3 4 5 |  5.9
Dodging        | 2 3 4 6 |  6.1
Unarmed Combat | 4 5 6 7 8 10 | 10.4
Invocations    | 2 4 |  4.2
Spellcasting   | |  1.2
Transmutations | |  1.3

Action                   |  1- 3 |  4- 6 |  7- 9 | 10-12 || total
-------------------------+-------+-------+-------+-------++-------
Melee: Unarmed           |    56 |   226 |   300 |    21 ||   603
       Punch             |     4 |     4 |     9 |     1 ||    18
Throw: Stone             |       |     3 |     4 |       ||     7
       Large rock        |       |       |     1 |       ||     1
Invok: Heroism           |       |       |     5 |     1 ||     6
  Use: Scroll            |       |     6 |     6 |       ||    12
       Potion            |       |       |     2 |     1 ||     3
 Stab: Distracted        |       |     1 |     1 |       ||     2
       Sleeping          |       |       |     2 |       ||     2
  Eat: Chunk             |    10 |    25 |    31 |     2 ||    68
       Ration            |       |       |     1 |       ||     1
Armor: Robe              |     9 |    69 |    63 |     5 ||   146
Dodge: Dodged            |    20 |   107 |   165 |    16 ||   308

Table legend:
 A = Spawn XP
 B = Non-spawn XP
 C = Spawn XP percentage of total XP
 D = Spawn monster count
 E = Non-spawn monster count
 F = Spawn count percentage of total count
 G = Total turns spent on level
                    A         B        C        D         E        F      G
               +---------+---------+-------+---------+---------+-------+---------
         Total |       0 |    6544 |   0.0 |       0 |     209 |   0.0 |  6796
               +---------+---------+-------+---------+---------+-------+---------
           D:1 |       0 |      38 |   0.0 |       0 |      17 |   0.0 |  1005
           D:2 |       0 |     134 |   0.0 |       0 |      29 |   0.0 |   982
           D:3 |       0 |     140 |   0.0 |       0 |      30 |   0.0 |   803
           D:4 |       0 |     535 |   0.0 |       0 |      21 |   0.0 |   631
           D:5 |       0 |     480 |   0.0 |       0 |      24 |   0.0 |   881
           D:6 |       0 |     887 |   0.0 |       0 |      37 |   0.0 |   616
           D:7 |       0 |     786 |   0.0 |       0 |      11 |   0.0 |   634
           D:8 |       0 |    3100 |   0.0 |       0 |      34 |   0.0 |  1113
           D:9 |       0 |     444 |   0.0 |       0 |       6 |   0.0 |   131
               +---------+---------+-------+---------+---------+-------+---------
